 Dungeon Crawl Stone Soup version 0.26-a0-664-gc8b27b8fc1 (webtiles) character file.

Game seed: 14802062010293500695

92 Conn the Sneak (level 4, 0/27 HPs)
             Began as an Octopode Hedge Wizard on Oct 13, 2020.
             Was a Follower of Sif Muna.
             Succumbed to Crazy Yiuf's poison
             ... on level 2 of the Dungeon.
             The game lasted 00:05:52 (2142 turns).

Conn the Sneak (Octopode Hedge Wizard)              Turns: 2142, Time: 00:05:53

Health: 0/27       AC:  1    Str:  7    XL:     4   Next: 60%
Magic:  2/9        EV: 14    Int: 17    God:    Sif Muna [*.....]
Gold:   58         SH:  0    Dex: 17    Spells: 2/10 levels left

rFire    . . .     SeeInvis .   i - +1 dagger (vamp)
rCold    . . .     Faith    +   (no shield)
rNeg     . . .     Spirit   .   b - +0 hat
rPois    .         Reflect  .   k - amulet of faith
rElec    .         Harm     .   e - +6 ring of dexterity
rCorr    .         Rampage  .   (no ring)
MR       .....                  (no ring)
Stlth    ++++......             (no ring)
HPRegen  0.09/turn              (no ring)
MPRegen  0.11/turn              (no ring)
                                (no ring)
                                (no ring)

@: lethally poisoned (0 -> -12), about to teleport, hasted, very quick
A: almost no armour, stealthy swim, amphibious, 8 rings, constrict 8, camouflage
1, weak 1, gelatinous body 1
a: Channel Magic, Renounce Religion


You were on level 2 of the Dungeon.
You worshipped Sif Muna.
Sif Muna was aware of your devotion.
You visited 1 branch of the dungeon, and saw 2 of its levels.

You collected 58 gold pieces.

Inventory:

Hand Weapons
 a - a +0 dagger
 f - a +4 quarterstaff of chaos
 i - a +1 vampiric dagger (weapon)
Armour
 b - a +0 hat (worn)
Jewellery
 e - a +6 ring of dexterity (left tentacle)
 k - an amulet of faith (around mantle)
Scrolls
 h - 3 scrolls of teleportation
 l - a scroll of enchant weapon {unknown}
 m - a scroll of enchant armour {unknown}
 n - a scroll of amnesia {unknown}
Potions
 c - a potion of flight
 d - a potion of mutation


   Skills:
 + Level 0.9 Fighting
 + Level 0.7 Short Blades
 + Level 2.2 Dodging
 + Level 3.9 Stealth
 * Level 3.8 Spellcasting
 * Level 1.8 Conjurations
 + Level 1.0 Summonings
 + Level 1.0 Translocations


You had 2 spell levels left.
You knew the following spells:

 Your Spells              Type           Power        Failure   Level
a - Magic Dart            Conj           #...         8%          1
b - Blink                 Tloc           N/A          16%         2
c - Call Imp              Summ           #.......     16%         2
d - Conjure Flame         Conj/Fire      #.......     32%         3

Your spell library contained the following spells:

 Spells                   Type           Power        Failure   Level
 Slow                     Hex            #.......     24%         2
 Mephitic Cloud           Conj/Pois/Air  #.......     36%         3


Dungeon Overview and Level Annotations

Branches:
Dungeon (2/15)

Altars:
Sif Muna
Xom


Innate Abilities, Weirdness & Mutations

You cannot wear most types of armour.
You are very stealthy in the water. (Stealth+)
You are amphibious.
You can wear up to eight rings at the same time.
You can use your tentacles to constrict eight enemies at once.
Your skin changes colour to match your surroundings (Stealth+).
Your rubbery body absorbs attacks. (AC +1, EV +1)
You are weak. (Str -2)


Message History

Sif Muna accepts your kill.
It was a potion of haste.
You feel yourself speed up.
* * * LOW HITPOINT WARNING * * *
You feel sick.
Okay, then.
You swap places.
* * * LOW HITPOINT WARNING * * *
You feel sick.
Things that are here:
a +4 quarterstaff of chaos; a +0 cloak
Okay, then.
As you read the scroll labeled QAROST QOGAU, it crumbles to dust.
It is a scroll of identify.
h - 4 scrolls of teleportation
* * * LOW HITPOINT WARNING * * *
You feel sick.
As you read the scroll of teleportation, it crumbles to dust.
You feel strangely unstable.
f - a +4 quarterstaff of chaos You die...

#.....# ##...(........
##.....######.............
#####..............###....###.
#...........##.###.# #....# #.
#.###.......##.###.###....###.
#.# ##..................#.....
#.####...........(.####(#####.
#.#....#....5.(.#### #.# ##
#...#######.#@..# #.######
####......#.....#..# #.......
#.....###.#....#.#.#######.######
#.##..###.#.##.#.#.........#
...##.......##.#.###########
....#####..###.#.#####
.....#..)............#
._..b.)#.#.###.#.###.#
.....###.#.(##.#.###.##


You could see a friendly shadow imp (summoned).

Vanquished Creatures
  An adder (D:2)
  An ooze (D:2)
  A worm (D:2)
  3 leopard geckos
  A giant cockroach (D:2)
  2 goblins (D:2)
  5 hobgoblins
  A ball python (D:2)
  9 bats
  3 frilled lizards
  8 kobolds
  A rat (D:2)
36 creatures vanquished.

Vanquished Creatures (collateral kills)
  Crazy Yiuf (D:2)
  3 adders (D:2)
  A worm (D:2)
  A ball python (D:2)
  2 hobgoblins (D:2)
  A quokka (D:2)
9 creatures vanquished.

Vanquished Creatures (others)
  A fungus (D:2)
1 creature vanquished.

Grand Total: 46 creatures vanquished

Notes
Turn   | Place    | Note
-------+----------+-------------------------------------------
     0 | D:1      | Conn the Octopode Hedge Wizard began the quest for the Orb.
     0 | D:1      | Reached XP level 1. HP: 11/11 MP: 4/4
   237 | D:1      | Reached XP level 2. HP: 11/18 MP: 1/6
   347 | D:1      | Learned a level 2 spell: Blink
   350 | D:1      | Learned a level 2 spell: Call Imp
  1077 | D:2      | Found a shimmering blue altar of Sif Muna.
  1133 | D:2      | Became a worshipper of Sif Muna the Loreminder
  1140 | D:2      | Reached XP level 3. HP: 22/22 MP: 3/7
  1145 | D:2      | Learned a level 3 spell: Conjure Flame
  1529 | D:2      | Reached XP level 4. HP: 27/27 MP: 3/9
  1862 | D:2      | Found a shimmering altar of Xom.
  1870 | D:2      | Reached * piety under Sif Muna
  2060 | D:2      | Found a runed translucent door.
  2061 | D:2      | Noticed Crazy Yiuf
  2077 | D:2      | Gained mutation: You are dopey. (Int -2) [potion of
                  | mutation]
  2077 | D:2      | Gained mutation: You are weak. (Str -2) [potion of
                  | mutation]
  2077 | D:2      | Lost mutation: You are dopey. (Int -2) [potion of mutation]
  2136 | D:2      | Killed Crazy Yiuf
  2140 | D:2      | HP: 1/27 [poisoned by Crazy Yiuf]
  2142 | D:2      | Succumbed to Crazy Yiuf's poison

Illustrated notes

Levels and vault maps discovered:
D:1:      ncdulo_watergridlock, layout_loops_ring
D:2:      layout_loops_ring, lemuel_round_altar, tgw_xom,
          uniq_crazy_yiuf_cottage

Skill      XL: |  1  2 |
---------------+-------+-----
Stealth        | 3 |  3.9
Fighting       | |  0.9
Short Blades   | |  0.7
Dodging        | |  2.2
Spellcasting   | |  3.8
Conjurations   | |  1.8
Summonings     | |  1.0
Translocations | |  1.0

Action                   |  1- 3 |  4- 6 || total
-------------------------+-------+-------++-------
Melee: Dagger            |    27 |    11 ||    38
       Constrict         |     8 |     4 ||    12
       Tentacles         |     6 |     1 ||     7
 Cast: Magic Dart        |    30 |    19 ||    49
       Call Imp          |     4 |     4 ||     8
       Blink             |       |     2 ||     2
  Use: Potion            |       |     4 ||     4
       Scroll            |       |     2 ||     2
 Stab: Sleeping          |     6 |       ||     6
Armor: Skin              |     3 |       ||     3
Dodge: Dodged            |    22 |     6 ||    28

Table legend: (Time is in decaauts)
 A = Elapsed time spent in this place.
 B = Non-inter-level travel time spent in this place.
 C = Inter-level travel time spent in this place.
 D = Time resting spent in this place.
 E = Time spent auto-exploring this place.
 F = Levels seen in this place.
 G = Mean time per level.
                   A        B        C        D        E       F      G
               +--------+--------+--------+--------+--------+-----+--------+
         Total |   2139 |   2110 |     29 |    379 |   1273 |   2 | 1069.5 |
       Dungeon |   2139 |   2110 |     29 |    379 |   1273 |   2 | 1069.5 |
               +--------+--------+--------+--------+--------+-----+--------+

Top non-repeatable levels by time:
     D:2: 1191 daAuts
     D:1: 947 daAuts
